 Dungeon Crawl Stone Soup version 0.28.0-45-g0d030f2227 (webtiles) character file.

Game seed: 8894600346000337561

406 sanboga the Covered (level 6, -3/39 HPs)
             Began as a Gargoyle Fighter on Apr 4, 2022.
             Was an Initiate of Trog.
             Slain by a steam dragon (8 damage)
             ... on level 4 of the Dungeon.
             The game lasted 00:05:23 (3836 turns).

sanboga the Covered (Gargoyle Fighter)              Turns: 3836, Time: 00:05:23

Health: -3/39      AC: 18    Str: 21    XL:     6   Next: 87%
Magic:  6/6        EV:  6    Int:  9    God:    Trog [......]
Gold:   132        SH:  6    Dex:  9    Spells: 5/5 levels left

rFire   . . .      SeeInvis .   a - +0 war axe
rCold   . . .      Faith    .   c - +2 buckler
rNeg    + . .      Spirit   .   f - +0 plate armour
rPois   ∞          Reflect  .   b - +0 helmet
rElec   +          Harm     .   i - +0 cloak
rCorr   .          Rampage  .   (no gloves)
Will    .....                   (no boots)
Stlth   ..........              (no amulet)
HPRegen 0.13/turn               (no ring)
MPRegen 0.10/turn               (no ring)

@: no status effects
A: sickness immunity, AC +4, negative energy resistance 1, electricity
resistance, torment resistance 1, petrification resistance
a: Renounce Religion


You were on level 4 of the Dungeon.
You worshipped Trog.
Trog was noncommittal.
You visited 2 branches of the dungeon, and saw 5 of its levels.

You collected 180 gold pieces.
You spent 48 gold pieces at shops.

Inventory:

Hand Weapons
 a - a +0 war axe (weapon)
Armour
 b - a +0 helmet (worn)
 c - a +2 buckler (worn)
 f - a +0 plate armour (worn)
 i - a +0 cloak (worn)
Scrolls
 h - a scroll of fog


   Skills:
 + Level 4.6 Fighting
 * Level 4.2 Axes
 + Level 4.6 Armour
 + Level 4.6 Shields


You had 5 spell levels left.
You didn't know any spells.
Your spell library contained the following spells:

 Spells                   Type           Power      Damage    Failure   Level
 Foxfire                  Conj/Fire      0%         2x1d4     100%        1
 Wereblood                Tmut           0%         N/A       100%        2
 Conjure Flame            Conj/Fire      0%         6-21      100%        3
 Dazzling Flash           Conj/Hex       0%         N/A       100%        3
 Inner Flame              Hex/Fire       0%         N/A       100%        3
 Flame Wave               Conj/Fire      0%         2d4       100%        4
 Iskenderun's Mystic Bla  Conj/Tloc      0%         2d3       100%        4
 Fireball                 Conj/Fire      0%         3d3       100%        5
 Iskenderun's Battlesphe  Conj           0%         2d6       100%        5
 Conjure Ball Lightning   Conj/Air       0%         3x3d6     100%        6
 Starburst                Conj/Fire      0%         6d3       100%        6
 Orb of Destruction       Conj           0%         9d5       100%        7
 Summon Hydra             Summ           0%         N/A       100%        7
 Sublimation of Blood     Necr           Unusable   N/A       N/A         2

Dungeon Overview and Level Annotations

Branches:
Dungeon (4/15)             Temple (1/1) D:4

Altars:
Ashenzari
Cheibriados
Dithmenos
Elyvilon
Gozag
Hepliaklqana
Kikubaaqudgha
Makhleb
Nemelex Xobeh
Okawaru
Qazlal
Ru
Sif Muna
Trog
Uskayaw
Vehumet
Wu Jian
Xom
Yredelemnul
Zin
The Shining One

Shops:
D:3 *


Innate Abilities, Weirdness & Mutations

You are immune to sickness and miasma.
Your stone body is resilient. (AC +4)
You are immune to poison.
You resist negative energy. (rN+)
You are resistant to electric shocks. (rElec)
You are resistant to unholy torment.
You are immune to petrification.


Message History

You finish putting on your +0 helmet.
As you read the scroll of enchant armour, it crumbles to dust.
Your +0 buckler glows green for a moment.
As you read the scroll of enchant armour, it crumbles to dust.
Your +1 buckler glows green for a moment.
You climb downwards.
There is a stone staircase leading up here.
The steam dragon completely misses you. The steam dragon barely misses you.
You closely miss the steam dragon.
The steam dragon bites you but does no damage.
You block the steam dragon's attack.
You hit the steam dragon.
The steam dragon is lightly wounded.
The steam dragon bites you but does no damage.
The steam dragon closely misses you.
You slash the steam dragon!
The steam dragon is heavily wounded.
The steam dragon bites you but does no damage.
The steam dragon closely misses you. The steam dragon breathes steam at you.
The ball of steam hits you!
You hit the steam dragon.
The steam dragon is severely wounded.
You are engulfed in a cloud of scalding steam.
You block the steam dragon's attack.
The steam dragon claws you but does no damage.
You hit the steam dragon but do no damage.
The steam dragon is severely wounded.
The steam dragon bites you. The steam dragon barely misses you.
You barely miss the steam dragon.
The steam dragon is severely wounded.
The steam dragon bites you!
* * * LOW HITPOINT WARNING * * *
The steam dragon claws you but does no damage.
You block the steam dragon's attack.
The steam dragon claws you but does no damage.
You closely miss the steam dragon.
The steam dragon is severely wounded.
The steam dragon bites you!
You die...

# # ### ##### # #.#
#.≈.# # #.#########
#.....D.... ###########
#.###.##### #....§@D..#
#.# #.#
#.#######.###.###.#####
#.# #.##...#......#
####.# #.B.B#....#####
#....# ####...##.#
#<#### ##.###.# #.# #<#
#.. #.# #.# #... #.#
#.# #.###


You could see a steam dragon.

Vanquished Creatures
  Grinder (D:3)
  A jelly (D:4)
  An iguana (D:4)
  A hound skeleton (D:4)
  3 gnolls
  3 adders
  An adder skeleton (D:4)
  2 worms
  3 dart slugs (D:1)
  4 orcs (D:3)
  4 endoplasms
  6 giant cockroaches
  10 goblins (D:1)
  4 hobgoblins
  7 jackals
  7 quokkas
  6 ball pythons
  4 bats
  3 frilled lizards
  8 kobolds
  4 rats
83 creatures vanquished.

Vanquished Creatures (others)
  6 fungi (D:4)
6 creatures vanquished.

Grand Total: 89 creatures vanquished

Notes
Turn   | Place    | Note
-------+----------+-------------------------------------------
     0 | D:1      | sanboga the Gargoyle Fighter began the quest for the Orb.
     0 | D:1      | Reached XP level 1. HP: 14/14 MP: 1/1
    37 | D:1      | Reached XP level 2. HP: 11/19 MP: 2/2
    44 | D:1      | Found a faded altar of an unknown god.
   319 | D:1      | Reached XP level 3. HP: 21/23 MP: 3/3
   882 | D:1      | Found a glowing golden altar of the Shining One.
  1027 | D:2      | Reached XP level 4. HP: 29/29 MP: 4/4
  1607 | D:3      | Found Muabef's Assorted Antiques.
  1615 | D:3      | Bought a scroll labelled MAKADA RUERPH for 24 gold pieces
  1615 | D:3      | Bought a scroll labelled GAODEXO BUPI for 24 gold pieces
  2096 | D:3      | Noticed Grinder
  2142 | D:3      | Paralysed by Grinder for 3 turns
  2162 | D:3      | Killed Grinder
  2163 | D:3      | Reached XP level 5. HP: 8/34 MP: 5/5
  2163 | D:3      | Reached XP level 6. HP: 9/39 MP: 6/6
  2640 | D:3      | Identified the +6 hunting sling of Tuadd {flame, Int+4}
  3021 | D:4      | Found a staircase to the Ecumenical Temple.
  3067 | Temple   | Entered the Ecumenical Temple
  3072 | Temple   | Became a worshipper of Trog the Wrathful
  3438 | D:4      | Noticed a steam dragon
  3836 | D:4      | Slain by a steam dragon

Illustrated notes

Levels and vault maps discovered:
D:1:      dpeg_arrival_water_altar, layout_rooms,
          hellmonk_ecumenical_altar_heavens_door, minmay_misc_feat_ornament,
          chequers_arboretum, chequers_hall_statues_corner_a, glass_columns_b,
          minmay_heptomino_w4
D:2:      layout_loops_ring
D:3:      layout_basic, serial_shops, shop, uniq_grinder
D:4:      layout_loops_ring, minmay_temple_entry_offerings, serial_aquarium,
          aquarium_bridge_long_joined [aquarium_subvault_window,
          aquarium_subvault_balcony, aquarium_subvault_window,
          aquarium_subvault_bridge, aquarium_subvault_window,
          aquarium_subvault_bridge], aquarium_window_1, aquarium_window_2,
          aquarium_window_2, aquarium_window_1, aquarium_view_2d
Temple:   compressed_dpeg_triangle_lava_temple

Skill      XL: |  1  2  3  4  5  6 |
---------------+-------------------+-----
Axes           | 2 3 4 |  4.2
Fighting       | 4 |  4.6
Armour         | 4 |  4.6
Shields        | 4 |  4.6

Action                   |  1- 3 |  4- 6 || total
-------------------------+-------+-------++-------
Melee: War axe           |    97 |   165 ||   262
  Use: Potion            |       |     1 ||     1
       Scroll            |       |     5 ||     5
Armor: Scale mail        |    59 |       ||    59
       Plate armour      |    33 |   157 ||   190
Dodge: Dodged            |    53 |    56 ||   109
Block: Buckler           |    27 |    47 ||    74
